Map: Kairos Junction LE

Players

Lambo - Winner!

  • Race: Zerg Zerg
  • Spawn Location: 5:00

Has

  • Race: Protoss Protoss
  • League: Diamond
  • Spawn Location: 11:00

Event: 2019 WCS Spring

VOD

Have the link to the VOD?

Description

Time

  • Played on: May 18, 2019, 7:25 a.m.
  • Length: 5:25

All games in this series

Show
View Real Time Build Order
Export as new Build Order

Lambo Zerg - Winner!

Build Orders: Hatch First, Roach Nydus 

Get SALT Encoding   

  12  0:00  Drone  
  13  0:12  Overlord  
  13  0:17  Drone  
  14  0:30  Drone x2  
  16  0:43  Drone  
  17  0:51  Hatchery  
  17  0:54  Drone  
  17  0:58  Drone  
  18  1:08  Extractor  
  17  1:12  Spawning Pool  
  17  1:15  Drone  
  18  1:18  Drone  
  18  1:29  Drone  
  19  1:41  Drone  
  20  1:58  Queen  
  22  2:04  Zergling x4  
  22  2:05  Zergling x2  
  27  2:10  Roach Warren  
  24  2:17  Zergling x2  
  25  2:24  Extractor  
  25  2:29  Drone x2  
  26  2:37  Lair  
  26  2:44  Overlord  
  26  2:46  Overlord  
  26  2:58  Roach  
  28  3:06  Roach x2  
  32  3:17  Roach  
  32  3:18  Roach  
  36  3:24  Overlord  
  36  3:26  Roach  
  38  3:40  Nydus Network  
  37  3:42  Queen  
  37  3:45  Roach  
  41  3:50  Ravager  
  41  3:54  Roach  
  44  3:59  Roach  
  46  4:04  Overlord  
  46  4:21  Nydus Canal  
  46  4:26  Roach x3  
  52  4:36  Overlord  
  52  4:46  Roach  
  52  4:52  Roach  
  54  4:56  Roach  
  54  4:59  Roach  
  55  5:05  Roach  
  59  5:14  Ravager  
Show
View Real Time Build Order
Export as new Build Order

Has Protoss 

Build Orders:  

Get SALT Encoding   

  12  0:00  Probe  
  13  0:12  Probe  
  14  0:24  Probe  
  15  0:28  Pylon  
  15  0:36  Pylon  
  15  0:47  Gateway  
  15  0:49  Probe  
  16  1:01  Forge  
  16  1:03  Probe  
  17  1:15  Probe  
  18  1:28  Probe  
  19  1:34  Zealot  
  19  1:38  Assimilator  
  21  1:40  Probe  
  21  1:42  Pylon  
  22  1:52  Zealot  
  23  2:00  Photon Cannon  
  23  2:06  Photon Cannon  
  24  2:12  Zealot  
  24  2:14  Cybernetics Core  
  26  2:23  Pylon  
  27  2:40  Photon Cannon  
  26  2:45  Gateway  
  26  2:46  Probe  
  27  2:53  Pylon  
  27  3:02  Probe  
  27  3:04  Assimilator  
  28  3:09  Adept  
  28  3:14  Probe  
  31  3:25  Robotics Facility  
  31  3:26  Probe  
  32  3:30  Adept  
  32  3:38  Probe, Pylon  
  35  4:02  Immortal  
  35  4:07  Pylon  
  35  4:09  Shield Battery  
  39  4:19  Shield Battery  
  39  4:30  Shield Battery  
  35  4:32  Shield Battery  
Tags
 
Add a new tag
Caveats
  • Supply blocks, unpowered buildings, or Contaminate may cause inaccurate times.
  • Supply counts are checked every 10 seconds.